 Dungeon Crawl Stone Soup version 0.28-a0-1292-gb4563b27b3 (webtiles) character file.

Game seed: 4481555189642653620

51 Cheeritup the Caller (level 3, -3/24 HPs)
             Began as a Merfolk Summoner on Dec 27, 2021.
             Killed from afar by Sigmund (9 damage)
             ... with a magic dart
             ... on level 2 of the Dungeon.
             The game lasted 00:13:43 (1433 turns).

Cheeritup the Caller (Merfolk Summoner)             Turns: 1433, Time: 00:13:43

Health: -3/24      AC:  3    Str:  8    XL:     3   Next: 83%
Magic:  2/6        EV: 12    Int: 16    God:
Gold:   5          SH:  0    Dex: 14    Spells: 3/6 levels left

rFire   . . .      SeeInvis .   b - +0 short sword
rCold   . . .      Faith    .   (no shield)
rNeg    . . .      Spirit   .   f - +0 leather armour
rPois   .          Reflect  .   (no helmet)
rElec   .          Harm     .   (no cloak)
rCorr   .          Rampage  .   (no gloves)
Will    .....                   (no boots)
Stlth   ++........              (no amulet)
HPRegen 0.08/turn               (no ring)
MPRegen 0.10/turn               (no ring)

@: no status effects
A: (nimble swimmer 2), mertail
a: no special abilities


You were on level 2 of the Dungeon.
You visited 1 branch of the dungeon, and saw 2 of its levels.

You collected 5 gold pieces.

Inventory:

Hand Weapons
 b - a +0 short sword (weapon)
Missiles
 c - 20 stones
Armour
 a - a +0 robe
 f - a +0 leather armour (worn)
Scrolls
 e - 2 scrolls of identify {unknown}
Potions
 d - a potion of curing {unknown}


   Skills:
 + Level 0.1 Fighting
 * Level 2.5 Polearms
 * Level 2.8 Dodging
 + Level 2.2 Stealth
 + Level 2.0 Spellcasting
 * Level 4.8 Summonings


You had 3 spell levels left.
You knew the following spells:

 Your Spells              Type           Power      Damage    Failure   Level
a - Summon Small Mammal   Summ           68%        N/A       4%          1
b - Call Imp              Summ           17%        N/A       6%          2

Your spell library contained the following spells:

 Spells                   Type           Power      Damage    Failure   Level
 Call Canine Familiar     Summ           17%        N/A       12%         3
 Summon Guardian Golem    Hex/Summ       9%         N/A       32%         3
 Summon Lightning Spire   Summ/Air       9%         N/A       73%         4


Dungeon Overview and Level Annotations

Branches:
Dungeon (1/15)

Altars:

Annotations:
D:2 Sigmund


Innate Abilities, Weirdness & Mutations

((You are very nimble when in or above water. (Stealth+, EV+, Speed+++)))
Your lower body shifts to a powerful aquatic tail in water.


Message History

Press: ? - help, Q - select action, (/) - cycle Dir - look around, f - activate
Okay, then.
Casting: Summon Small Mammal (safe; 4% risk of failure)
Press: ? - help, Q - select action, (/) - cycle Dir - look around, f - activate The hobgoblin hits your shadow imp.
The goblin shoots a stone.
The stone hits you.
Your shadow imp hits the hobgoblin.
The hobgoblin dies!
The adder bites you.
You hit the adder.
The adder is moderately wounded.
Your bat misses the adder.
Your bat hits the adder but does no damage.
The adder barely misses you.
The goblin shoots a stone.
The stone hits you but does no damage.
Your shadow imp completely misses the adder.
Your bat closely misses the adder.
The goblin shoots a stone.
The stone closely misses you.
Your bat closely misses the adder.
The adder bites you.
You miss the adder.
The adder is moderately wounded.
Your bat completely misses the adder.
The goblin shoots a stone.
The stone misses your shadow imp. The stone hits you.
* * * LOW HITPOINT WARNING * * *
Your bat hits the adder but does no damage.
Your shadow imp hits the adder.
The adder bites you.
* * * LOW HITPOINT WARNING * * *
You hit the adder.
The adder is almost dead.
Your bat closely misses the adder.
The adder closely misses you.
The goblin shoots a stone.
The stone hits your shadow imp.
Your shadow imp barely misses the adder.
Something barely misses you.
The goblin shoots a stone.
The stone closely misses you.
Your bat hits the adder but does no damage.
Your shadow imp hits the adder.
The adder dies!
Your Polearms skill increases to level 2!
A magic dart appears from out of thin air!
The magic dart hits you!
You die...

#...............#....# #
#................###.##
#.##................###...
.....................####.
#. #...............#.>###.
#..#...............##..###
#.##..............###.)..
####..##.....#.....#..#####.
........b5.@#######....##...
.......{..### #....#..##
.......†..# #......##
.......†..# #.....##
#.##..g..!# #....##
#....$..# #....# #[.......#
#....# ##.......# ######
#?.#.#####


You could see a goblin, a friendly shadow imp (summoned) and a friendly bat
(summoned).

Vanquished Creatures
  2 worms (D:2)
  A bat (D:2)
  A jackal (D:2)
4 creatures vanquished.

Vanquished Creatures (collateral kills)
  3 adders (D:2)
  A worm (D:2)
  3 ball pythons (D:2)
  An endoplasm (D:2)
  A hobgoblin (D:2)
  2 kobolds (D:2)
  2 rats (D:2)
13 creatures vanquished.

Grand Total: 17 creatures vanquished

Notes
Turn   | Place    | Note
-------+----------+-------------------------------------------
     0 | D:1      | Cheeritup the Merfolk Summoner began the quest for the Orb.
     0 | D:1      | Reached XP level 1. HP: 13/13 MP: 3/3
    29 | D:1      | You fall into a shaft and drop 1 floor!
   221 | D:2      | Reached XP level 2. HP: 8/19 MP: 1/5
   611 | D:2      | Learned a level 2 spell: Call Imp
   760 | D:2      | Reached skill level 1 in Polearms
  1080 | D:2      | Reached XP level 3. HP: 6/24 MP: 2/6
  1421 | D:2      | Noticed Sigmund
  1433 | D:2      | Killed from afar by Sigmund

Illustrated notes

Levels and vault maps discovered:
D:1:      ncdulo_halloftheorcs, layout_basic, ebering_ecumenical_altar_petrified
D:2:      layout_rooms, minmay_tall_x, uniq_sigmund

Skill      XL: |  1  2  3 |
---------------+----------+-----
Polearms       | 1 2 |  2.5
Fighting       | |  0.1
Dodging        | |  2.8
Stealth        | |  2.2
Spellcasting   | |  2.0
Summonings     | |  4.8

Action                   || total
-------------------------++-------
Melee: Unarmed           ||    11
       Short sword       ||    37
Throw: Stone             ||     1
 Cast: Summon Small Mamm ||    20
       Call Imp          ||     6
Armor: Robe              ||     7
       Leather armour    ||    10
Dodge: Dodged            ||    32

Table legend: (Time is in decaauts)
 A = Elapsed time spent in this place.
 B = Non-inter-level travel time spent in this place.
 C = Inter-level travel time spent in this place.
 D = Time resting spent in this place.
 E = Time spent auto-exploring this place.
 F = Levels seen in this place.
 G = Mean time per level.
                   A        B        C        D        E       F      G
               +--------+--------+--------+--------+--------+-----+--------+
         Total |   1434 |   1434 |      0 |    892 |    119 |   2 |  717.0 |
       Dungeon |   1434 |   1434 |      0 |    892 |    119 |   2 |  717.0 |
               +--------+--------+--------+--------+--------+-----+--------+

Top non-repeatable levels by time:
     D:2: 1405 daAuts
     D:1: 29 daAuts
